Map: Ice and Chrome LE

Players

BlyOnFire (Bly)

  • Race: Zerg Zerg
  • Spawn Location: 1:00

PtitDrogo - Winner!

  • Race: Protoss Protoss
  • League: Grandmaster
  • Spawn Location: 7:00

Event: DreamHack SC2 Masters 2020 Fall

VOD

Have the link to the VOD?

Description

Time

  • Played on: Sept. 6, 2020, 11:28 a.m.
  • Length: 16:09

All games in this series

Show
View Real Time Build Order
Export as new Build Order

BlyOnFire Zerg 

Build Orders: 3 Hatch before Pool 

Get SALT Encoding   

  12  0:00  Drone  
  13  0:12  Overlord  
  13  0:16  Drone  
  14  0:31  Drone x2  
  16  0:41  Drone  
  17  0:56  Drone  
  18  1:02  Hatchery  
  17  1:17  Drone  
  18  1:20  Hatchery  
  17  1:27  Extractor  
  16  1:36  Spawning Pool  
  16  1:39  Drone  
  16  1:42  Drone  
  17  1:48  Drone  
  17  1:51  Drone  
  19  2:04  Evolution Chamber  
  19  2:07  Overlord  
  20  2:24  Queen  
  22  2:31  Hatchery  
  22  2:33  Metabolic Boost, Zergling x6  
  24  2:38  Zergling x2  
  25  2:44  Zergling x2  
  25  2:51  Queen  
  27  3:00  Roach Warren  
  26  3:11  Zergling x6  
  29  3:18  Zergling x4  
  31  3:20  Zergling x2  
  32  3:32  Overlord  
  32  3:43  Roach  
  34  3:51  Zergling x4  
  34  3:52  Zergling x4  
  34  3:55  Roach  
  40  4:04  Ravager  
  40  4:06  Roach  
  43  4:15  Ravager  
  44  4:17  Zergling x8  
  47  4:37  Queen  
  41  4:42  Zergling x8  
  41  4:44  Ravager  
  38  4:56  Roach x2  
  38  5:11  Zergling x8  
  42  5:19  Overlord  
  42  5:29  Overlord  
  42  5:40  Ravager x2  
  42  5:42  Zergling x2  
  45  5:43  Zergling x2  
  45  5:44  Zergling x4  
  45  5:48  Overlord  
  48  6:01  Roach  
  48  6:02  Roach  
  52  6:06  Overlord  
  47  6:22  Overlord  
  45  6:32  Queen  
  44  6:34  Ravager  
  45  6:41  Zergling x2  
  45  6:44  Overlord  
  46  6:52  Drone x2  
  49  6:54  Ravager  
  49  6:59  Zergling x6  
  51  7:19  Roach  
  53  7:34  Roach x2  
  53  7:35  Zergling x12  
  49  8:18  Queen x2  
  51  8:20  Drone x6  
  53  8:33  Drone x5  
  52  8:45  Spore Crawler x2  
  50  8:51  Zergling x4  
  50  8:53  Ravager  
  51  8:57  Drone x5  
  46  9:07  Queen  
  48  9:29  Hatchery  
  47  9:32  Roach  
  49  9:42  Drone x2  
  49  9:56  Drone x6  
  53  10:01  Ravager  
  53  10:02  Drone x2  
  56  10:11  Zergling x6  
  59  10:21  Roach x4  
  67  10:34  Drone x6  
  70  10:41  Overlord  
  70  10:42  Overlord  
  70  10:45  Overlord  
  69  10:57  Drone x5  
  72  11:20  Overlord  
  72  11:21  Lair  
  72  11:28  Roach x4  
  72  11:29  Drone x8  
  88  11:35  Overlord  
  87  11:43  Queen x2  
  87  11:45  Spore Crawler  
  83  11:56  Extractor, Zergling x12  
  83  11:57  Extractor  
  85  12:03  Spore Crawler  
  85  12:05  Overlord  
  85  12:07  Overlord  
  85  12:09  Drone  
  83  12:25  Overlord  
  83  12:27  Spore Crawler  
  83  12:29  Queen x2  
  82  12:41  Spore Crawler  
  81  12:51  Spore Crawler  
  78  13:10  Zergling x24  
  83  13:26  Roach x3  
  78  13:35  Roach x2  
  78  13:36  Roach  
  82  13:46  Roach x2  
  86  13:51  Extractor x3  
  83  13:57  Zergling x2  
  84  14:04  Hatchery  
  83  14:23  Glial Reconstitution  
  82  14:33  Drone x3  
  82  14:34  Baneling Nest  
  82  14:39  Queen x2  
  83  15:06  Roach x8  
  98  15:13  Ravager x4  
  96  15:22  Baneling x2  
Show
View Real Time Build Order
Export as new Build Order

PtitDrogo Protoss - Winner!

Build Orders: Oracle Opening 

Get SALT Encoding   

  12  0:00  Probe  
  13  0:14  Pylon  
  13  0:18  Probe  
  14  0:30  Probe (Chrono Boost)  
  15  0:38  Gateway  
  15  0:40  Probe (Chrono Boost)  
  16  0:44  Probe (Chrono Boost)  
  16  0:48  Assimilator  
  17  0:56  Probe  
  18  1:06  Pylon  
  18  1:08  Probe  
  19  1:13  Gateway  
  19  1:20  Probe  
  20  1:26  Cybernetics Core  
  20  1:30  Zealot (Chrono Boost)  
  22  1:35  Probe  
  23  1:43  Pylon  
  23  1:49  Zealot  
  23  1:52  Probe  
  26  1:59  Assimilator  
  28  2:10  Adept (Chrono Boost)  
  28  2:15  Probe  
  29  2:16  Adept (Chrono Boost)  
  29  2:20  Warp Gate  
  31  2:36  Adept  
  33  2:46  Adept  
  35  2:56  Nexus  
  35  3:11  Probe  
  36  3:13  Stargate  
  36  3:16  Pylon  
  36  3:33  Probe  
  37  3:45  Probe  
  37  3:47  Pylon  
  38  3:57  Probe  
  38  3:58  Oracle (Chrono Boost)  
  42  4:08  Stalker  
  42  4:09  Probe x2  
  46  4:21  Probe x2  
  48  4:28  Oracle (Chrono Boost)  
  48  4:31  Zealot x2  
  55  4:33  Probe x2  
  43  4:46  Shield Battery  
  43  4:47  Shield Battery  
  43  4:52  Shield Battery  
  41  4:53  Stalker  
  41  4:55  Stalker  
  41  4:59  Probe  
  44  5:04  Void Ray (Chrono Boost)  
  47  5:18  Pylon  
  47  5:28  Stalker  
  47  5:30  Adept  
  51  5:41  Void Ray (Chrono Boost)  
  51  5:42  Gateway  
  55  6:00  Stalker  
  57  6:05  Gateway  
  57  6:15  Shield Battery  
  57  6:23  Probe  
  51  6:26  Probe  
  51  6:35  Probe  
  51  6:38  Sentry x2, Probe  
  57  6:47  Probe  
  57  6:50  Shield Battery, Probe  
  59  7:01  Zealot x3  
  65  7:10  Pylon  
  65  7:14  Oracle (Chrono Boost)  
  68  7:24  Stalker  
  68  7:34  Zealot x2  
  72  7:57  Zealot x3, Probe x2  
  74  8:16  Probe x2  
  71  8:33  Pylon  
  68  8:51  Probe x2  
  68  8:54  Pylon  
  70  9:12  Probe x2 (Chrono Boost)  
  72  9:17  Cybernetics Core  
  72  9:21  Assimilator  
  72  9:23  Assimilator, Probe x2 (Chrono Boost)  
  74  9:27  Pylon  
  74  9:28  Probe x2 (Chrono Boost)  
  78  9:38  Probe x2 (Chrono Boost)  
  78  9:41  Pylon  
  78  9:42  Pylon  
  81  9:46  Oracle (Chrono Boost)  
  81  9:47  Probe x2 (Chrono Boost)  
  83  9:52  Probe  
  83  9:53  Probe  
  85  10:05  Probe x2  
  85  10:06  Robotics Facility  
  87  10:09  Twilight Council  
  87  10:10  Forge, Void Ray  
  87  10:17  Probe x2  
  93  10:27  Pylon  
  93  10:29  Probe  
  93  10:31  Gateway x2  
  94  10:36  Protoss Ground Weapons Level 1 (Chrono Boost)  
  94  10:47  Charge (Chrono Boost)  
  94  10:54  Templar Archives, Observer  
  95  11:00  Pylon  
  95  11:09  Gateway  
  95  11:20  Zealot x3  
  95  11:22  Photon Cannon  
  95  11:25  Stalker x2  
  102  11:29  Probe  
  92  11:52  Probe x2  
  95  11:54  Observer (Chrono Boost)  
  95  12:04  Zealot x5  
  95  12:08  Pylon  
  105  12:21  Immortal  
  109  12:27  Probe  
  110  12:40  Probe  
  110  12:43  Probe  
  112  12:56  Oracle (Chrono Boost)  
  112  13:00  Zealot x5  
  125  13:11  Immortal  
  125  13:18  Nexus  
  116  13:30  Pylon  
  112  13:34  Stalker x5  
  122  13:45  Void Ray (Chrono Boost)  
  122  13:48  Protoss Ground Weapons Level 2 (Chrono Boost), Probe x2  
  124  13:51  Photon Cannon  
  124  13:53  Photon Cannon  
  128  14:00  Probe  
  129  14:12  Photon Cannon  
  129  14:13  High Templar x2  
  129  14:14  Assimilator  
  129  14:15  Pylon  
  133  14:17  Archon  
  133  14:18  Assimilator  
  133  14:19  Pylon  
  133  14:22  Gateway  
  133  14:23  Pylon  
  130  14:40  Probe x2  
  132  14:47  High Templar x4  
  132  14:48  Zealot x2  
  144  14:56  Archon x2  
  143  15:09  Zealot x2  
  143  15:30  Pylon  
  139  15:42  Zealot x5  
  141  15:43  Zealot x2  
  141  15:47  Nexus  
  141  15:49  Pylon  

Tags
 
Add a new tag
Caveats
  • Supply blocks, unpowered buildings, or Contaminate may cause inaccurate times.
  • Supply counts are checked every 10 seconds.